 Dungeon Crawl Stone Soup version 0.17-a0-1778-gd369669 (webtiles) character file.

84 abixa the Ruffian (level 4, -1/38 HPs)
             Began as a Ghoul Monk on Sept 8, 2015.
             Killed from afar by Sigmund (3 damage)
             ... with a magic dart
             ... on level 2 of the Dungeon.
             The game lasted 00:05:56 (1465 turns).

abixa the Ruffian (Ghoul Monk)                      Turns: 1465, Time: 00:05:56

Health: -1/38      AC:  6    Str: 14    XL:     4   Next: 46%
Magic:  3/3        EV: 10    Int:  5    God:
Gold:   126        SH:  0    Dex: 12    Spells: 0 memorised, 3 levels left

rFire  . . .     SeeInvis .       - Unarmed
rCold  + . .     Clarity  .     h - +0 scale mail
rNeg   + + +     SustAt   .     (no shield)
rPois  ∞         Gourm    .     (no helmet)
rElec  .         Spirit   .     (no cloak)
rCorr  .         Warding  +     (no gloves)
rMut   .         Stasis   .     (no boots)
MR     .....                    k - amulet of warding
Stlth  +.........               (no ring)
                                (no ring)

@: rotting, not resistant to hostile enchantments, very unstealthy
A: rotting body, claws 1, carnivore 3, cold resistance 1, negative energy
resistance 3, slow healing 1, torment resistance, unbreathing
a: no special abilities


You were on level 2 of the Dungeon.
You were not hungry.

You visited 1 branch of the dungeon, and saw 3 of its levels.

You collected 126 gold pieces.

Inventory:

Hand weapons
 o - a +0 hunting sling
Missiles
 a - 25 sling bullets
 d - 7 tomahawks (quivered)
 f - 16 poisoned sling bullets
 n - 76 stones
Armour
 h - a +0 scale mail (worn)
Jewellery
 k - an amulet of warding (around neck)
Scrolls
 c - 2 scrolls of enchant weapon {unknown}
 i - a scroll of identify {unknown}
 j - a scroll of remove curse {unknown}
 l - 2 scrolls of enchant armour {unknown}
 m - a scroll of amnesia {unknown}
 p - a scroll of recharging {unknown}
Potions
 e - a potion of heal wounds {unknown}
 g - a potion of flight {unknown}
Comestibles
 b - 4 meat rations
 q - a beef jerky


   Skills:
 - Level 3.2 Fighting
 - Level 2.6 Dodging
 - Level 2.1 Stealth
 + Level 6.3 Unarmed Combat


You had 3 spell levels left.
You didn't know any spells.

Dungeon Overview and Level Annotations

Branches:
Dungeon (3/15)

Altars:
Nemelex Xobeh

Annotations:
D:2 Sigmund
D:3 hexophile's ghost, average MfSk


Innate Abilities, Weirdness & Mutations

Your body is rotting away.
You thrive on raw meat.
You are immune to poison.
You have sharp fingernails.
You are carnivorous and can eat meat at any time.
Your flesh is cold resistant.
You are immune to negative energy.
You heal slowly when monsters are visible.
You are immune to unholy pain and torment.
You can survive without breathing.


Message History

A magic dart appears from out of thin air!
The magic dart hits you!
* * * LOW HITPOINT WARNING * * *
You bump into the rock wall.
You feel less confused.
A magic dart appears from out of thin air!
The magic dart hits you!
* * * LOW HITPOINT WARNING * * *
A worm comes into view.
You are confused.
You bump into the rock wall.
A puff of flame appears from out of thin air!
The puff of flame hits you!
* * * LOW HITPOINT WARNING * * *
You feel less confused.
You hear some strange, mumbled words.
Something tries to affect you, but you resist.
A magic dart appears from out of thin air!
The magic dart hits you!
You die...

# #.......... #.......# #
#.#....#.##.#########.#######
# #.#.#..............##.# #
#.#.....### #.####.##.#
######.###...# #)...#.##.#
.....w.......# #.........#
.###.#.###...# #....#.####
.###.#.###.#.#####.####.#
........##.#.{...@.....<#
).÷..#..##.##############
.###.......# ..>.....####
#####.### #.# . #.## .# #..#
##.#


There were no monsters in sight!

Vanquished Creatures
  An orc priest (D:3)
  An adder (D:2)
  A giant gecko (D:3)
  7 orcs (D:3)
  4 hobgoblins
  7 jackals
  3 bats
  A giant cockroach (D:3)
  3 giant newts
  6 goblins
  4 kobolds
  6 rats
44 creatures vanquished.

Notes
Turn   | Place    | Note
--------------------------------------------------------------
     0 | D:1      | abixa the Ghoul Monk began the quest for the Orb.
     0 | D:1      | Reached XP level 1. HP: 19/19 MP: 0/0
   128 | D:1      | Reached XP level 2. HP: 25/25 MP: 1/1
   289 | D:1      | Reached skill level 5 in Unarmed Combat
   632 | D:2      | Reached XP level 3. HP: 20/30 MP: 2/2
   818 | D:2      | Noticed Sigmund
  1035 | D:3      | Found a sparkling altar of Nemelex Xobeh.
  1148 | D:3      | Reached skill level 6 in Unarmed Combat
  1148 | D:3      | Reached XP level 4. HP: 27/37 MP: 3/3
  1365 | D:3      | Noticed hexophile's ghost (average MfSk)
  1465 | D:2      | Killed from afar by Sigmund

Vault maps used:
D:1:      roderic_chinese_lattice_arrival
D:2:      lemuel_blue_sif_altar, uniq_sigmund
D:3:      nemelex_xobeh_ov_fountains_minmay, first_bread

Action                   |  1- 3 |  4- 6 || total
-------------------------+-------+-------++-------
Melee: Unarmed           |   111 |    15 ||   126
 Stab: Sleeping          |     1 |       ||     1
  Eat: Chunk             |     6 |     2 ||     8
